 Dungeon Crawl Stone Soup version 0.29-a0-472-ge5599a681e (webtiles) character file.

Game seed: 12728793081361442533

91 Zeld the Insei (level 4, 0/28 HPs)
             Began as an Octopode Transmuter on May 22, 2022.
             Slain by Robin
             ... wielding a +0 vorpal trident
              (2 damage)
             ... on level 3 of the Dungeon.
             The game lasted 00:02:09 (3693 turns).

Zeld the Insei (Octopode Transmuter)                Turns: 3693, Time: 00:02:09

Health: 0/28       AC:  2    Str: 11    XL:     4   Next: 57%
Magic:  2/8        EV: 19    Int: 15    God:
Gold:   162        SH:  0    Dex: 17    Spells: 2/8 levels left

rFire   . . .      SeeInvis .     - Unarmed
rCold   . . .      Faith    .   (shield currently unavailable)
rNeg    . . .      Spirit   .   (helmet currently unavailable)
rPois   x          Reflect  .   (no amulet)
rElec   .          Harm     .   (no ring)
rCorr   .          Rampage  .   (no ring)
Will    .....                   (no ring)
Stlth   ++........              (no ring)
HPRegen 0.09/turn               (no ring)
MPRegen 0.11/turn               (no ring)
                                (no ring)
                                (no ring)

@: spider-form (expiring), very slightly contaminated
A: venomous fangs, almost no armour, (amphibious), 8 rings, tiny, (camouflage
1), (gelatinous body 1), (nimble swimmer 1), (tentacles)
a: End Transformation


You were on level 3 of the Dungeon.
You were a venomous arachnid creature.
You visited 1 branch of the dungeon, and saw 3 of its levels.

You collected 162 gold pieces.

Inventory:

Scrolls
 b - a scroll of acquirement {unknown}
 c - 3 scrolls of brand weapon {unknown}
 d - 4 scrolls of identify {unknown}
 g - a scroll of fear {unknown}
 h - a scroll of silence {unknown}
 j - a scroll of fog {unknown}
 k - a scroll of teleportation {unknown}
 m - a scroll of blinking {unknown}
Potions
 a - a potion of lignification
 e - 3 potions of mutation {unknown}
 f - 2 potions of brilliance {unknown}
 i - a potion of heal wounds {unknown}
 l - a potion of might {unknown}


   Skills:
 + Level 1.4 Fighting
 + Level 2.5 Dodging
 - Level 3.0 Unarmed Combat
 * Level 2.7 Spellcasting
 * Level 2.7 Transmutations
 + Level 1.3 Ice Magic
 + Level 1.3 Poison Magic


You had 2 spell levels left.
You knew the following spells:

 Your Spells              Type           Power      Damage    Failure   Level
a - Beastly Appendage     Tmut           20%        N/A       19%         1
b - Wereblood             Tmut           10%        N/A       24%         2
c - Spider Form           Tmut/Pois      8%         N/A       47%         3

Your spell library contained the following spells:

 Spells                   Type           Power      Damage    Failure   Level
 Ice Form                 Ice/Tmut       8%         N/A       83%         4


Dungeon Overview and Level Annotations

Branches:
Dungeon (3/15)

Altars:
Kikubaaqudgha

Annotations:
D:3 Robin


Innate Abilities, Weirdness & Mutations

You are a venomous arachnid creature.
You have poisonous fangs.
You are tiny and dextrous.
Your spellcasting is less reliable in this form.
Your armour is entirely melded.
You are incapable of wielding weapons or throwing items.
You cannot wear most types of armour.
((You are amphibious.))
You can wear up to eight rings at the same time.
((Your skin changes colour to match your surroundings (Stealth+).))
((Your rubbery body absorbs attacks. (AC +1, EV +1)))
((You are camouflaged when in or above water. (Stealth+)))
((You have tentacles for arms and can constrict up to eight enemies at once.))


Message History

You see here a +0 club.
HP restored.
Done exploring.
Done exploring.
Done exploring.
You climb downwards.
Level annotation: Robin
There is a stone staircase leading up here.
Casting: Spider Form (quite dangerous; 26% risk of failure)
Confirm with . or Enter, or press ? or * to list all spells.
The spell is quite dangerous to miscast (26% risk of failure)!
Continue anyway? [Y]es or [N]o only, please.
The spell is quite dangerous to miscast (26% risk of failure)!
Continue anyway?
You miscast Spider Form.
You are very lightly contaminated with residual magic.
Nothing appears to happen.
Robin hits you from afar with a +0 vorpal trident.
Casting: Spider Form (quite dangerous; 26% risk of failure)
Confirm with . or Enter, or press ? or * to list all spells.
The spell is quite dangerous to miscast (26% risk of failure)!
Continue anyway? [Y]es or [N]o only, please.
The spell is quite dangerous to miscast (26% risk of failure)!
Continue anyway?
You turn into a venomous arachnid creature.
Robin closely misses you. Robin completely misses you.
You see here a +0 dagger.
You hit Robin.
Robin is lightly wounded.
The orc closely misses you. Robin closely misses you.
You barely miss Robin.
Robin is lightly wounded.
The orc hits you from afar with a +0 trident!
Robin hits you with a +0 vorpal trident!
You are too injured to fight recklessly!
You are too injured to fight recklessly!
You are too injured to fight recklessly!
You are too injured to fight recklessly!
Robin hits you from afar with a +0 vorpal trident!
* * * LOW HITPOINT WARNING * * *
You die...

.
##....######.#####o###.##.###.
. #.......o.o..# #.# #..#.###.
. #..†##.####### #o####.....##
#...o...## #..# ##..#.#
o..o..##.#...# ##o# #.##.##
.####.##.###..# #.####.##..#
#.##.# #.### #..##..###.#
#.##.. #.o)#######..#.####.#
#[###. #.g)s)...###.)....#..
..# .. #..[)........##......
..# #............#####.####.
###...#.###..# #.# #.
.....#.##..## #+# #.
........#..## #. ...........#
#. ..........# #. .#. #.


You could see Robin and an orc.

Vanquished Creatures
  3 adders
  2 dart slugs (D:3)
  3 orcs (D:3)
  2 ball pythons
  2 bats (D:2)
  4 endoplasms
  2 giant cockroaches
  15 goblins
  4 hobgoblins
  3 jackals (D:1)
  2 quokkas
  2 frilled lizards
  7 rats
51 creatures vanquished.

Notes
Turn   | Place    | Note
-------+----------+-------------------------------------------
     0 | D:1      | Zeld the Octopode Transmuter began the quest for the Orb.
     0 | D:1      | Reached XP level 1. HP: 13/13 MP: 3/3
   150 | D:1      | Reached XP level 2. HP: 6/18 MP: 3/5
   155 | D:1      | Learned a level 2 spell: Wereblood
  1033 | D:2      | Reached XP level 3. HP: 22/23 MP: 6/6
  1037 | D:2      | Learned a level 3 spell: Spider Form
  1110 | D:2      | Reached skill level 1 in Ice Magic
  1823 | D:3      | Found a faded altar of an unknown god.
  1867 | D:3      | Reached skill level 1 in Poison Magic
  2018 | D:3      | Reached XP level 4. HP: 28/28 MP: 5/7
  2078 | D:3      | Found an ancient bone altar of Kikubaaqudgha.
  2924 | D:3      | Noticed Robin
  3693 | D:3      | Slain by Robin

Illustrated notes

Levels and vault maps discovered:
D:1:      amcnicky_arrival_feature_with_door, layout_rooms, nrook_loot_triangle
D:2:      layout_loops_ring
D:3:      layout_rooms, lemuel_coloured_pillars_altar,
          minmay_overflow_temple_star_quad, old_standard_altar,
          nicolae_ecumenical_oubliette, roderic_roman_lattice, uniq_robin

Skill      XL: |  1  2  3 |
---------------+----------+-----
Ice Magic      | 1 |  1.3
Poison Magic   | 1 |  1.3
Fighting       | |  1.4
Dodging        | |  2.5
Unarmed Combat | |  3.0
Spellcasting   | |  2.7
Transmutations | |  2.7

Action                   |  1- 3 |  4- 6 || total
-------------------------+-------+-------++-------
Melee: Unarmed           |    69 |    27 ||    96
       Constrict         |    18 |     2 ||    20
       Kick              |    14 |       ||    14
       Tentacles         |     8 |     2 ||    10
 Cast: Beastly Appendage |    27 |       ||    27
       Spider Form       |       |     6 ||     6
 Stab: Sleeping          |     9 |       ||     9
Armor: Skin              |     7 |     5 ||    12
Dodge: Dodged            |    45 |    56 ||   101

Table legend: (Time is in decaauts)
 A = Elapsed time spent in this place.
 B = Non-inter-level travel time spent in this place.
 C = Inter-level travel time spent in this place.
 D = Time resting spent in this place.
 E = Time spent auto-exploring this place.
 F = Levels seen in this place.
 G = Mean time per level.
                   A        B        C        D        E       F      G
               +--------+--------+--------+--------+--------+-----+--------+
         Total |   3692 |   3627 |     65 |   1301 |   1838 |   3 | 1230.7 |
       Dungeon |   3692 |   3627 |     65 |   1301 |   1838 |   3 | 1230.7 |
               +--------+--------+--------+--------+--------+-----+--------+

Top non-repeatable levels by time:
     D:2: 2446 daAuts
     D:1: 734 daAuts
     D:3: 511 daAuts
